 Dungeon Crawl Stone Soup version 0.29.1-15-g9cfb28693d (webtiles) character file.

Game seed: 14441541709924327474

35 tizbic2 the Trooper (level 3, -4/19 HPs)
             Began as a Vine Stalker Fighter on Apr 22, 2023.
             Slain by Crazy Yiuf
             ... wielding a +2 quarterstaff of chaos
              (5 damage)
             ... on level 2 of the Dungeon.
             The game lasted 00:03:42 (739 turns).

tizbic2 the Trooper (Vine Stalker Fighter)           Turns: 739, Time: 00:03:42

Health: -4/19      AC:  0    Str: 20    XL:     3   Next: 33%
Magic:  0/6        EV: 13    Int:  8    God:
Gold:   42         SH:  0    Dex: 13    Spells: 4/4 levels left

rFire   . . .      SeeInvis .   (weapon currently unavailable)
rCold   . . .      Faith    .   (shield currently unavailable)
rNeg    . . .      Spirit   +   (body armour currently unavailable)
rPois   .          Reflect  .   (helmet currently unavailable)
rElec   .          Harm     .   (cloak currently unavailable)
rCorr   .          Rampage  .   (gloves currently unavailable)
Will    .....                   (boots currently unavailable)
Stlth   +.........              (no amulet)
HPRegen 0.06/turn               (ring currently unavailable)
MPRegen 0.10/turn               (ring currently unavailable)

@: pig-form, very quick
A: fast, no casting, small, (fangs 2), magic shield, (antimagic bite), no potion
heal 2
a: no special abilities


You were on level 2 of the Dungeon.
You were a filthy swine.
You visited 1 branch of the dungeon, and saw 2 of its levels.

You collected 42 gold pieces.

Inventory:

Hand Weapons
 a - a +0 rapier
Armour
 b - a +0 scale mail (melded)
 c - a +0 buckler (melded)
 g - a scarf of shadows (melded)
Magical Staves
 k - a staff of earth (melded)
Scrolls
 h - a scroll of poison {unknown}
Potions
 d - a potion of might
 e - a potion of invisibility {unknown}
 f - a potion of curing {unknown}
 i - a potion of cancellation {unknown}


   Skills:
 + Level 2.8 Fighting
 - Level 2.3 Short Blades
 - Level 0.2 Maces & Flails
 * Level 0.0 Staves
 + Level 2.5 Armour
 + Level 2.8 Shields
 * Level 1.3 Spellcasting


You had 4 spell levels left.
You didn't know any spells.
Your spell library was empty.

Dungeon Overview and Level Annotations

Branches:
Dungeon (2/15)

Altars:

Annotations:
D:2 Crazy Yiuf


Innate Abilities, Weirdness & Mutations

You are a filthy swine.
You move quickly.
Your equipment is almost entirely melded.
You are incapable of wielding weapons or throwing items.
You cannot cast spells.
((You have extremely sharp teeth.))
When hurt, damage is shared between your health and your magic reserves.
((Your bite disrupts and absorbs the magic of your enemies.))
Potions cannot restore your health.


Message History

You block the jackal's attack.
The jackal bites you but does no damage.
You hit the jackal but do no damage. You bite the jackal, but do no damage.
The jackal is heavily wounded.
The jackal closely misses you.
The jackal bites you but does no damage.
You hit the jackal.
You kill the jackal!
You see here a staff of earth.
k - a staff of earth
There is a faded altar of an unknown god here.
k - a staff of earth (weapon)
You drop a +0 whip.
Done exploring.
There is a stone staircase leading down here.
You climb downwards.
There is a stone staircase leading up here.
Found a barding.
Found a runed translucent door.
Found a hammer.
Crazy Yiuf shouts!
Press: ? - help, v - describe, . - travel
Here: Crazy Yiuf, wielding a +2 quarterstaff of chaos and wearing a +0 cloak (fire blocked by a runed translucent door)
The floor.
You open the door. You closely miss Crazy Yiuf.
Crazy Yiuf screams, "Dawk!"
Crazy Yiuf hits you with a +2 quarterstaff of chaos!
You turn into a filthy swine.
Your staff of earth melds into your body.
Your scarf of shadows melds into your body.
Your +0 buckler melds into your body.
Your +0 scale mail melds into your body.
The dungeon's light returns to normal.
You hit Crazy Yiuf.
Crazy Yiuf is lightly wounded.
Crazy Yiuf hits you with a +2 quarterstaff of chaos!
* * * LOW HITPOINT WARNING * * *
Crazy Yiuf burns you.
You die...

##..###
#....#
♣....♣
♣...♣♣
♣♣.♣♣
♣.♣♣
♣♣.♣
♣.♣♣
♣♣h♣
#g# ...
#...#
#..)#
#####


You could see Crazy Yiuf.

Vanquished Creatures
  6 ball pythons (D:1)
  5 bats (D:1)
  An endoplasm (D:1)
  2 giant cockroaches (D:1)
  A goblin (D:1)
  3 hobgoblins (D:1)
  7 jackals (D:1)
  3 kobolds (D:1)
  A rat (D:1)
29 creatures vanquished.

Vanquished Creatures (others)
  A fungus (D:1)
  3 plants (D:1)
4 creatures vanquished.

Grand Total: 33 creatures vanquished

Notes
Turn   | Place    | Note
-------+----------+-------------------------------------------
     0 | D:1      | tizbic2 the Vine Stalker Fighter began the quest for the
                  | Orb.
     0 | D:1      | Reached XP level 1. HP: 11/11 MP: 2/2
    79 | D:1      | Reached XP level 2. HP: 16/16 MP: 3/3
   309 | D:1      | Reached skill level 1 in Spellcasting
   356 | D:1      | Reached XP level 3. HP: 18/19 MP: 5/5
   624 | D:1      | Found a faded altar of an unknown god.
   733 | D:2      | Found a runed translucent door.
   734 | D:2      | Noticed Crazy Yiuf
   739 | D:2      | Slain by Crazy Yiuf

Illustrated notes

Levels and vault maps discovered:
D:1:      dpeg_arrival_connections, layout_rooms,
          dreamdust_ecumenical_altar_grove
D:2:      layout_rooms, chequers_garden, uniq_crazy_yiuf_cottage

Skill      XL: |  1  2 |
---------------+-------+-----
Short Blades   | 2 |  2.3
Spellcasting   | 1 |  1.3
Fighting       | |  2.8
Maces & Flails | |  0.2
Armour         | |  2.5
Shields        | |  2.8

Action                   || total
-------------------------++-------
Melee: Rapier            ||    61
       Bite              ||    13
       Whip              ||    13
       Staff             ||     1
       Unarmed           ||     1
  Use: Scroll            ||     1
Armor: Scale mail        ||    44
Dodge: Dodged            ||    38
Block: Buckler           ||    16
